 Dungeon Crawl Stone Soup version 0.14.0-17-gc0b17a5 (webtiles) character file.

256 sprout the Covered (level 5, -4/47 HPs)
             Began as a Minotaur Fighter on Apr 18, 2014.
             Slain by a killer bee (6 damage)
             ... on Level 3 of the Dungeon.
             The game lasted 00:04:13 (2375 turns).

sprout the Covered (Minotaur Fighter)               Turns: 2375, Time: 00:04:13

HP  -4/47        AC  7     Str 27      XL: 5   Next: 31%
MP   2/2         EV  7     Int  5      God:
Gold 79          SH 20     Dex  9      Spells:  0 memorised,  4 levels left

rFire  . . .     SeeInvis .     a - +0 cutlass
rCold  . . .     Clarity  .     b - +0 scale mail
rNeg   . . .     Conserve .     c - +0 shield
rPois  .         rCorr    .     (helmet restricted)
rElec  .         rRot     .     (no cloak)
SustAb . .       Spirit   .     (no gloves)
rMut   .         Warding  .     (no boots)
Saprov . . .     Stasis   .     (no amulet)
MR     .....                    (no ring)
                                (no ring)

@: mighty, lethally poisoned, not resistant to hostile enchantments, extremely
unstealthy
A: retaliatory headbutt, horns 2
a: no special abilities


You were on level 3 of the Dungeon.
You were hungry.

You visited 1 branch of the dungeon, and saw 3 of its levels.

You collected 79 gold pieces.

Inventory:

Hand weapons
 a - a +0,+0 cutlass (weapon)
Armour
 b - a +0 scale mail (worn)
 c - a +0 shield (worn)
Comestibles
 d - 3 bread rations
 f - a choko
 g - a meat ration
 p - a pear
Scrolls
 i - a scroll of identify {unknown}
 k - a scroll of remove curse
 m - a scroll of magic mapping
 q - a scroll of enchant armour {unknown}
Jewellery
 h - an uncursed ring of magical power {unknown}
 j - an uncursed ring of positive energy {unknown}
 o - an uncursed amulet of inaccuracy {unknown}
Potions
 e - 3 potions of might
 l - 3 potions of curing
 n - 3 potions of heal wounds {unknown}


   Skills:
 + Level 4.7 Fighting
 + Level 2.9 Short Blades
 + Level 4.8 Armour
 + Level 2.1 Dodging
 + Level 0.5 Stealth
 + Level 4.4 Shields


You had 4 spell levels left.
You didn't know any spells.

Dungeon Overview and Level Annotations

Branches:
Dungeon (3/15)

Altars:
Vehumet

Annotations:
D:3 Sigmund


Innate Abilities, Weirdness & Mutations

You reflexively headbutt those who attack you in melee.
You have a pair of horns on your head.


Message History

You puncture the killer bee!
You kill the killer bee!
Your Dodging skill increases to level 1!
* * * LOW HITPOINT WARNING * * *
You feel sick. You block the killer bee's attack.
You block the killer bee's attack. x2
You miss the killer bee.
* * * LOW HITPOINT WARNING * * *
You feel sick. The killer bee barely misses you.
The killer bee closely misses you. You furiously retaliate!
You headbutt the killer bee!!
You kill the killer bee!
Your Dodging skill increases to level 2!
You have reached level 5!
You block the killer bee's attack. x2
The killer bee stings you but does no damage.
You miss the killer bee.
* * * LOW HITPOINT WARNING * * *
You feel sick. You block the killer bee's attack. The killer bee stings you.
You die...

.........##########
.................>.
###................
#.####....###### #.
#....# #
#....########
####.........
#.........
#@........
#kk.......
....[k...........
...............
#######........
........# #######.


You could see 2 killer bees.

Vanquished Creatures
  2 killer bees (D:3)
  4 adders
  3 worms (D:2)
  2 giant geckos (D:2)
  An orc (D:2)
  A giant cockroach (D:3)
  4 goblins
  3 hobgoblins
  2 jackals (D:1)
  4 bats (D:1)
  A giant newt (D:2)
  3 kobolds
  11 rats
41 creatures vanquished.

Notes
Turn   | Place    | Note
--------------------------------------------------------------
     0 | D:1      | sprout, the Minotaur Fighter, began the quest for the Orb.
     0 | D:1      | Reached XP level 1. HP: 19/19 MP: 1/1
   707 | D:1      | Reached XP level 2. HP: 25/27 MP: 1/1
   826 | D:2      | Reached skill level 4 in Fighting
  1025 | D:2      | Reached XP level 3. HP: 11/33 MP: 2/2
  1160 | D:2      | Found a radiant altar of Vehumet.
  1992 | D:3      | Reached XP level 4. HP: 37/41 MP: 2/2
  2146 | D:3      | Noticed Sigmund
  2373 | D:3      | Reached skill level 1 in Dodging
  2374 | D:3      | HP: 2/41 [poisoned by a killer bee]
  2374 | D:3      | Reached XP level 5. HP: 2/47 MP: 2/2
  2375 | D:3      | Slain by a killer bee

Action                   |  1- 3 |  4- 6 || total
-------------------------+-------+-------++-------
Melee: Cutlass           |    98 |    18 ||   116
  Use: Potion            |     4 |     1 ||     5
       Scroll            |     5 |       ||     5
